 Dungeon Crawl Stone Soup version 0.31-a0-165-g3f4f80340b (webtiles) character file.

Game seed: 15772068671267973789

191540 qw the Marksnaga (level 18, 0/181 HPs)
             Began as a Naga Hunter on June 13, 2023.
             Was a High Priest of Okawaru.
             Killed from afar by a guardian serpent (1 damage)
             ... with a bolt of poison
             ... on level 4 of the Snake Pit.
             The game lasted 00:14:37 (25982 turns).

qw the Marksnaga (Naga Hunter)                     Turns: 25982, Time: 00:14:37

Health: 0/181      AC: 25    Str: 14    XL:     18   Next: 65%
Magic:  24/25      EV: 19    Int: 10    God:    Okawaru [*****.]
Gold:   607        SH:  5    Dex: 22    Spells: 17/17 levels left

rFire   + + .        s - +3 longbow (elec)
rCold   + . .        (shield currently unavailable)
rNeg    . . .        l - +1 leather armour "Wuolicil" {Drain +Inv rC+ Slay+2}
rPois   +            i - +1 helmet
rElec   .            t - +2 cloak {rPois}
rCorr   .            e - +1 pair of gloves
SInv    +            v - +0 barding of Neesoid {*Corrode Will+ Regen+ Stlth+}
Will    ++++.        g - amulet of reflection
Stlth   +++++        x - ring of protection from fire
HPRegen 1.30/turn    z - ring of protection from fire
MPRegen 0.19/turn

%: corrode self (3%), reflection
@: lethally poisoned (0 -> -1), about to teleport, heroic, very slow
A: AC +6, large, see invisible, deformed body, poison resistance, slowness 2,
spit poison 1, naga tail 2, strong-willed 1
a: Spit Poison, Renounce Religion, Evoke Invisibility, Heroism, Finesse, Duel


You were on level 4 of the Snake Pit.
You worshipped Okawaru.
Okawaru was extremely pleased with you.
You visited 5 branches of the dungeon, and saw 29 of its levels.

You collected 3114 gold pieces.
You spent 2507 gold pieces at shops.


Innate Abilities, Weirdness & Mutations

Your serpentine skin is tough. (AC +6)
You have supernaturally acute eyesight. (SInv)
Armour fits poorly on your strangely shaped body.
Your system is resistant to poisons. (rPois)
You cover ground very slowly.
You can spit poison.
You can use your snake-like lower body to constrict enemies.
You are strong-willed. (Will+)


   Skills:
 - Level 16.0(21.0) Fighting
 - Level 20.0(25.0) Ranged Weapons
 + Level 8.7(13.7) Armour
 - Level 11.0(16.0) Dodging
 - Level 1.5(6.5) Stealth
 - Level 10.0 Invocations


You had 17 spell levels left.
You didn't know any spells.
Your spell library was empty.

Inventory:

Hand Weapons
 s - a +3 longbow of electrocution (weapon)
Armour
 e - a +1 pair of gloves (worn)
 i - a +1 helmet (worn)
 l - the +1 leather armour "Wuolicil" (worn) {Drain +Inv rC+ Slay+2}
   (You bought it in a shop on level 14 of the Dungeon)

   Slay:      It affects your accuracy & damage with ranged weapons and melee
   (+2).
   rC:        It protects you from cold.
   +Inv:      It lets you turn invisible.
   Drain:     It drains your maximum health when unequipped.
 n - a +0 barding of fire resistance
 r - a +0 troll leather armour
 t - a +2 cloak of poison resistance (worn)
 v - the +0 barding of Neesoid (worn) {*Corrode Will+ Regen+ Stlth+}
   (Okawaru gifted it to you on level 12 of the Dungeon)

   Regen:     It increases your rate of health regeneration.
   *Corrode:  It may corrode you when you take damage.
   Will:      It increases your willpower.
   Stlth:     It makes you more stealthy.
 A - the +3 robe of Darkness {rF++ rN+}
   (You found it on level 2 of the Swamp)

   rF:        It greatly protects you from fire.
   rN:        It protects you from negative energy.
Jewellery
 c - a ring of ice
 f - a ring of ice
 g - an amulet of reflection (around neck)
 k - the amulet of Elemental Vulnerability {rPois rF-- rC-- AC+8}
   (You found it on level 10 of the Dungeon)

   [amulet of nothing]

   AC:        It affects your AC (+8).
   rF:        It makes you very vulnerable to fire.
   rC:        It makes you very vulnerable to cold.
   rPois:     It protects you from poison.
 x - a ring of protection from fire (left hand)
 y - a +6 ring of strength
 z - a ring of protection from fire (right hand)
 Y - a +6 ring of strength
Wands
 q - a wand of digging (8)
Scrolls
 d - 4 scrolls of teleportation
 p - 9 scrolls of identify
Potions
 a - 10 potions of curing
 b - 2 potions of magic
 h - 4 potions of resistance
 j - 2 potions of cancellation
 m - 11 potions of mutation
 o - 3 potions of haste
 w - 2 potions of might

Dungeon Overview and Level Annotations

Branches:
Dungeon (15/15)            Temple (0/1) D:5            Lair (5/5) D:11
  Swamp (3/4) Lair:2        Snake (4/4) Lair:2        Slime (0/5) Lair:4
    Orc (2/2) D:10            Elf (0/3) Orc:2        Vaults (0/5) D:13
 Depths (0/4) D:15

Altars:
Dithmenos
Elyvilon
Hepliaklqana
Kikubaaqudgha
Okawaru
Sif Muna
Trog
Wu Jian
Xom
Zin
The Shining One
Jiyva

Shops:
D:3 *   D:6 *   D:14 [   D:15 *   Orc:2 (!(*   Snake:1 :=

Annotations:
D:3 3 runed translucent doors, qw's ghost, amateur MiHu
D:5 2 transporters, qw's ghost, novice GrHu
D:6 1 runed translucent door, qw's ghost, novice NaHu
Lair:4 4 runed translucent doors, qw's ghost, journeyman GrFi
Swamp:3 2 transporters, qw's ghost, adept GrFi
Orc:2 2 runed translucent doors


Message History

You feel strangely unstable.
You feel sick.
You hear a shout! x2
The guardian serpent casts a spell at you.
The naga blinks into view!
The naga ritualist closely misses you. The naga ritualist grabs you.
The naga ritualist constricts you.
The naga sharpshooter unwields a +0 long sword.
The naga sharpshooter wields a +0 shortbow.
The naga sharpshooter mumbles some strange words.
The naga sharpshooter magically shoots an arrow.
The arrow hits you but does no damage.
You shoot an arrow. The arrow hits the naga ritualist!!
You kill the naga ritualist!
Okawaru accepts your kill.
You feel sick. The naga misses you. The naga barely misses you.
The naga mage spits poison at you. The splash of poison misses you.
The splash of poison hits the salamander.
The salamander wields a +0 shortbow of flaming.
It bursts into flame!
The salamander shoots an arrow.
You block the arrow with an invisible shield... and reflect it back!
The arrow hits the salamander!
You shoot an arrow. The arrow hits the naga warrior!!
Lightning courses through the naga warrior!
The naga warrior is heavily wounded.
You feel sick. The naga completely misses you. The naga barely misses you.
The naga sharpshooter mumbles some strange words.
The naga sharpshooter magically shoots a bolt.
The bolt misses you. The naga hits you with a +0 scimitar!!
The naga closely misses you. You block the naga mage's attack.
The naga mage completely misses you.
You hear a shout!
You shoot an arrow. The arrow hits the naga warrior!
The naga warrior is severely wounded.
You feel sick.
You hear a shout!
The guardian serpent casts a spell at you.
The bolt of poison hits the naga!
The naga is poisoned.
The bolt of poison hits you. You resist.
You die...

###### #....###
#NN....##
#@NS....#
#)NN....#
#NN.....#
#.N#NN....#
#..........#
.(.#........#
..N...........#
...........#..#
..........##...#


You could see a naga warrior, 3 naga sharpshooters, a salamander (strong), a
guardian serpent, 2 naga magi and 3 nagas.

Vanquished Creatures
  Vashnia (Snake:2)
  Mlioglotl (Snake:3)
  Rupert (Orc:2)
  Gastronok (D:10)
  Agnes (Snake:1)
  3 nagarajas
  Aizul (Snake:1)
  Louise (Snake:1)
  2 orc warlords (Orc:2)
  A stone giant (D:15)
  5 eleionomae
  5 bunyips
  Josephine (Swamp:1)
  Fannar (D:10)
  2 salamander tyrants (Snake:3)
  7 hydras
  An ogre mage (D:15)
  2 anacondas
  A merfolk avatar (Lair:5)
  A catoblepas (Lair:2)
  2 centaur warriors
  2 ghost crabs
  5 alligators
  6 two-headed ogres
  7 boulder beetles
  9 naga warriors
  9 death yaks
  3 tengu warriors (D:15)
  11 naga sharpshooters
  Urug (Lair:4)
  5 shock serpents
  2 spriggans
  Nergalle (Lair:3)
  A skyshark (shapeshifter) (D:13)
  Lodul (D:12)
  3 spriggan druids
  3 skysharks
  A goliath frog (Swamp:1)
  5 salamander mystics
  5 naga ritualists
  7 bog bodies
  5 swamp dragons
  Pikel (D:5)
  4 orc knights
  A harpy (shapeshifter) (D:14)
  6 mana vipers
  2 will-o-the-wisps
  An oklob plant (Lair:5)
  7 deep elf pyromancers
  3 orc sorcerers
  17 salamanders
  A manticore (D:14)
  5 elephants
  Maurice (D:12)
  6 cyclopes
  Joseph (Lair:1)
  26 black mambas
  4 naga magi
  A guardian serpent (Snake:1)
  4 gargoyles
  A torpor snail (Lair:5)
  11 cane toads
  A kobold demonologist (D:12)
  An unseen horror (D:14)
  10 komodo dragons
  6 rime drakes
  A tengu conjurer (D:15)
  A freezing wraith (D:15)
  3 meliai (D:15)
  A troll (shapeshifter) (D:13)
  A bloated husk (Swamp:1)
  8 polar bears
  A queen bee (D:15)
  10 trolls
  12 tyrant leeches
  3 hornets
  28 blink frogs
  3 shadows
  33 yaks
  2 vampires
  3 slime creatures (D:15)
  4 centaur simulacra (D:15)
  Eustachio (D:5)
  8 wraiths
  7 basilisks
  7 wyverns
  A hog (shapeshifter) (D:13)
  4 steam dragons
  21 vampire mosquitoes
  Edmund (D:6)
  A warg (Orc:2)
  10 swamp worms
  19 nagas
  An acid dragon (D:12)
  23 water moccasins
  A meliai simulacrum (D:15)
  35 orc warriors
  A swamp drake (Swamp:1)
  A sky beast (shapeshifter) (D:15)
  A sky beast (D:7)
  6 black bears
  4 ice beasts
  17 ogres
  10 centaurs
  17 wolves
  4 lemures (D:5)
  7 kobold brigands
  2 gnoll sergeants
  10 bullfrogs
  7 scorpions
  A hornet simulacrum (D:15)
  17 killer bees
  5 spriggan skeletons (D:14)
  6 electric eels
  8 howler monkeys
  A troll skeleton (D:14)
  3 lava snakes (Lair:2)
  23 orc priests
  3 gnoll boudas
  4 hounds
  2 jellies
  2 iguanas
  A sleepcap (D:6)
  Terence (D:2)
  22 orc wizards
  A boggart simulacrum (D:15)
  36 gnolls
  10 adders
  6 white imps
  4 ufetubi
  A worm (D:1)
  4 dart slugs
  92 orcs
  4 bats
  8 endoplasms
  4 giant cockroaches
  6 goblins
  5 hobgoblins
  2 jackals (D:3)
  50 kobolds
  2 quokkas
  8 ball pythons
  2 frilled lizards
  8 rats
947 creatures vanquished.

Vanquished Creatures (others)
  A manticore (D:15)
  6 foxfires
7 creatures vanquished.

Grand Total: 954 creatures vanquished

Notes
Turn   | Place    | Note
-------+----------+-------------------------------------------
     0 | D:1      | qw the Naga Hunter began the quest for the Orb.
     0 | D:1      | Reached XP level 1. HP: 19/19 MP: 1/1
     0 | D:1      | 0 ||| qw: Version: 0.2-a-29-gc1b59c4
     0 | D:1      | 0 ||| qw: Game counter: 4778
     0 | D:1      | 0 ||| qw: Always use a shield: true
     0 | D:1      | 0 ||| qw: God list: Okawaru
     0 | D:1      | 0 ||| qw: Allow faded altars: false
     0 | D:1      | 0 ||| qw: Do Orc after D:15 true
     0 | D:1      | 0 ||| qw: Do second Lair branch before Depths: true
     0 | D:1      | 0 ||| qw: Lair rune preference: random
     0 | D:1      | 0 ||| qw: Plans: Normal
     0 | D:1      | 0 ||| PLANNING D:1-11
    49 | D:1      | 49 ||| INVOKING Spit Poison.
    54 | D:1      | 54 ||| INVOKING Spit Poison.
    69 | D:1      | 69 ||| INVOKING Spit Poison.
    72 | D:1      | 72 ||| INVOKING Spit Poison.
   123 | D:1      | 123 ||| INVOKING Spit Poison.
   126 | D:1      | 126 ||| INVOKING Spit Poison.
   129 | D:1      | Reached skill level 4 in Ranged Weapons
   129 | D:1      | Reached XP level 2. HP: 26/26 MP: 2/2
   131 | D:1      | 131 ||| INVOKING Spit Poison.
   162 | D:1      | 162 ||| INVOKING Spit Poison.
   167 | D:1      | 167 ||| INVOKING Spit Poison.
   206 | D:1      | 206 ||| INVOKING Spit Poison.
   277 | D:1      | 277 ||| INVOKING Spit Poison.
   288 | D:1      | 288 ||| INVOKING Spit Poison.
   303 | D:1      | 303 ||| INVOKING Spit Poison.
   306 | D:1      | 306 ||| INVOKING Spit Poison.
   308 | D:1      | Reached XP level 3. HP: 32/32 MP: 3/3
   342 | D:1      | 342 ||| INVOKING Spit Poison.
   363 | D:1      | 363 ||| INVOKING Spit Poison.
   472 | D:1      | 472 ||| UPGRADING to +1 pair of gloves.
   477 | D:1      | 477 ||| UPGRADING to amulet of reflection.
   482 | D:1      | 482 ||| READING scroll labelled ROBBASS BIAC.
   483 | D:1      | 483 ||| READING scroll labelled NYBBO BENAAWN.
   486 | D:1      | 486 ||| DROPPING scroll of butterflies.
   512 | D:2      | 512 ||| INVOKING Spit Poison.
   514 | D:2      | 514 ||| STAIRDANCE
   547 | D:2      | 547 ||| INVOKING Spit Poison.
   562 | D:2      | 562 ||| INVOKING Spit Poison.
   572 | D:2      | Reached skill level 5 in Ranged Weapons
   572 | D:2      | Reached XP level 4. HP: 39/39 MP: 4/4
   576 | D:2      | 576 ||| INVOKING Spit Poison.
   590 | D:2      | 590 ||| INVOKING Spit Poison.
   670 | D:2      | 670 ||| INVOKING Spit Poison.
   750 | D:2      | 750 ||| INVOKING Spit Poison.
   751 | D:2      | 751 ||| INVOKING Spit Poison.
   755 | D:2      | 755 ||| INVOKING Spit Poison.
   758 | D:2      | 758 ||| INVOKING Spit Poison.
   761 | D:2      | 761 ||| INVOKING Spit Poison.
   819 | D:2      | 819 ||| INVOKING Spit Poison.
   824 | D:2      | 824 ||| INVOKING Spit Poison.
   903 | D:2      | 903 ||| INVOKING Spit Poison.
   944 | D:2      | Noticed Terence
   945 | D:2      | 945 ||| INVOKING Spit Poison.
   950 | D:2      | 950 ||| INVOKING Spit Poison.
   951 | D:2      | 951 ||| INVOKING Spit Poison.
   952 | D:2      | 952 ||| INVOKING Spit Poison.
   955 | D:2      | 955 ||| INVOKING Spit Poison.
   956 | D:2      | Killed Terence
   957 | D:2      | Reached skill level 3 in Fighting
   957 | D:2      | Reached XP level 5. HP: 47/49 MP: 5/5
   978 | D:2      | 978 ||| INVOKING Spit Poison.
   985 | D:2      | 985 ||| INVOKING Spit Poison.
  1030 | D:2      | Found an iron altar of Okawaru.
  1031 | D:2      | 1031 ||| PLANNING OKAWARU WORSHIP
  1031 | D:2      | 1031 ||| UPGRADING to +0 ring mail of cold resistance.
  1041 | D:2      | 1041 ||| READING scroll labelled ITTODDEI RUCARIT.
  1042 | D:2      | 1042 ||| READING scroll labelled ACAALU YKKA.
  1043 | D:2      | 1043 ||| READING scroll labelled BAFFE ABIKYHO.
  1044 | D:2      | 1044 ||| DRINKING 3 bubbling green potions.
  1045 | D:2      | 1045 ||| DRINKING 2 purple potions.
  1046 | D:2      | 1046 ||| DROPPING potion of attraction.
  1051 | D:2      | Became a worshipper of Warmaster Okawaru
  1051 | D:2      | 1051 ||| PLANNING D:1-11
  1151 | D:2      | 1151 ||| INVOKING Spit Poison.
  1307 | D:3      | 1307 ||| INVOKING Spit Poison.
  1316 | D:3      | 1316 ||| INVOKING Spit Poison.
  1321 | D:3      | Reached skill level 1 in Armour
  1371 | D:3      | 1371 ||| INVOKING Spit Poison.
  1377 | D:3      | 1377 ||| INVOKING Spit Poison.
  1381 | D:3      | 1381 ||| INVOKING Spit Poison.
  1384 | D:3      | 1384 ||| INVOKING Spit Poison.
  1388 | D:3      | 1388 ||| INVOKING Spit Poison.
  1393 | D:3      | 1393 ||| INVOKING Spit Poison.
  1512 | D:3      | 1512 ||| INVOKING Spit Poison.
  1536 | D:3      | Found Loluem's General Store.
  1541 | D:3      | 1541 ||| SHOPLISTING +1 ring mail of cold resistance (224
                  | gold, have 157).
  1541 | D:3      | 1541 ||| BUYING potion of curing (42 gold).
  1541 | D:3      | Bought a potion of curing for 42 gold pieces
  1549 | D:3      | 1549 ||| INVOKING Spit Poison.
  1554 | D:3      | 1554 ||| INVOKING Spit Poison.
  1557 | D:3      | Reached XP level 6. HP: 52/56 MP: 6/6
  1582 | D:3      | 1582 ||| INVOKING Spit Poison.
  1591 | D:3      | 1591 ||| INVOKING Spit Poison.
  1603 | D:3      | Found a hazy altar of Hepliaklqana.
  1692 | D:3      | 1692 ||| INVOKING Spit Poison.
  1708 | D:3      | 1708 ||| INVOKING Spit Poison.
  1712 | D:3      | 1712 ||| INVOKING Spit Poison.
  1716 | D:3      | 1716 ||| INVOKING Spit Poison.
  1720 | D:3      | 1720 ||| INVOKING Spit Poison.
  1744 | D:3      | Found a runed translucent gate.
  1744 | D:3      | Found a runed translucent gate.
  1744 | D:3      | Found a runed translucent gate.
  1744 | D:3      | Noticed qw's ghost (amateur MiHu)
  1752 | D:3      | 1752 ||| INVOKING Spit Poison.
  1832 | D:3      | 1832 ||| INVOKING Spit Poison.
  2247 | D:3      | 2247 ||| UPGRADING to +0 cloak.
  2252 | D:3      | 2252 ||| READING 2 scrolls labelled BISOOV SIESMI.
  2253 | D:3      | 2253 ||| DRINKING 2 fizzy green potions.
  2254 | D:3      | 2254 ||| DROPPING potion of brilliance.
  2255 | D:3      | 2255 ||| DROPPING scroll of fog.
  2278 | D:4      | 2278 ||| INVOKING Spit Poison.
  2287 | D:4      | Reached skill level 6 in Ranged Weapons
  2395 | D:4      | 2395 ||| INVOKING Spit Poison.
  2470 | D:4      | 2470 ||| INVOKING Spit Poison.
  2565 | D:4      | 2565 ||| Stepping ~*~*~tactically~*~*~ (outnumbered).
  2567 | D:4      | 2567 ||| INVOKING Spit Poison.
  2570 | D:4      | 2570 ||| INVOKING Spit Poison.
  2576 | D:4      | 2576 ||| INVOKING Spit Poison.
  2582 | D:4      | 2582 ||| INVOKING Spit Poison.
  2585 | D:4      | 2585 ||| INVOKING Spit Poison.
  2591 | D:4      | 2591 ||| INVOKING Spit Poison.
  2627 | D:4      | 2627 ||| INVOKING Spit Poison.
  2702 | D:4      | You fall into a shaft and drop 1 floor!
  2702 | D:5      | Entered Level 5 of the Dungeon
  2702 | D:5      | Found a shadowy altar of Dithmenos.
  2713 | D:5      | 2713 ||| INVOKING Spit Poison.
  2716 | D:5      | 2716 ||| INVOKING Spit Poison.
  2725 | D:5      | Found a shimmering blue altar of Sif Muna.
  2726 | D:5      | 2726 ||| INVOKING Spit Poison.
  2732 | D:5      | 2732 ||| INVOKING Spit Poison.
  2732 | D:5      | Reached * piety under Okawaru
  2733 | D:5      | Reached XP level 7. HP: 60/64 MP: 7/7
  2746 | D:5      | Found an ornate altar of the Wu Jian Council.
  2761 | D:5      | Reached skill level 1 in Invocations
  2776 | D:5      | 2776 ||| INVOKING Spit Poison.
  2795 | D:5      | 2795 ||| INVOKING Spit Poison.
  2809 | D:5      | Found a glowing golden altar of the Shining One.
  2854 | D:5      | Found a transporter.
  2865 | D:5      | Found a transporter.
  2867 | D:5      | 2867 ||| INVOKING Heroism.
  2915 | D:5      | Noticed qw's ghost (novice GrHu)
  3001 | D:5      | 3001 ||| INVOKING Spit Poison.
  3029 | D:5      | 3029 ||| Stepping ~*~*~tactically~*~*~ (outnumbered).
  3030 | D:5      | 3030 ||| INVOKING Spit Poison.
  3034 | D:5      | 3034 ||| INVOKING Spit Poison.
  3038 | D:5      | 3038 ||| INVOKING Spit Poison.
  3042 | D:5      | 3042 ||| INVOKING Spit Poison.
  3046 | D:5      | Reached skill level 7 in Ranged Weapons
  3046 | D:5      | Noticed Eustachio
  3047 | D:5      | 3047 ||| INVOKING Heroism.
  3048 | D:5      | 3048 ||| INVOKING Spit Poison.
  3054 | D:5      | 3054 ||| INVOKING Spit Poison.
  3059 | D:5      | 3059 ||| INVOKING Spit Poison.
  3064 | D:5      | 3064 ||| INVOKING Heroism.
  3067 | D:5      | 3067 ||| INVOKING Spit Poison.
  3068 | D:5      | 3068 ||| INVOKING Spit Poison.
  3073 | D:5      | 3073 ||| INVOKING Spit Poison.
  3074 | D:5      | Killed Eustachio
  3075 | D:5      | Reached skill level 3 in Invocations
  3130 | D:5      | 3130 ||| INVOKING Spit Poison.
  3145 | D:5      | 3145 ||| READING scroll labelled KEIFRO BUAM.
  3145 | D:5      | Identified a scroll of acquirement
  3145 | D:5      | 3145 ||| ACQUIRING +2 shortbow of electrocution
  3145 | D:5      | Acquired a +2 shortbow of electrocution
  3147 | D:5      | 3147 ||| SWAPPING to +2 shortbow of electrocution.
  3148 | D:5      | 3148 ||| DROPPING +0 shortbow.
  3149 | D:5      | 3149 ||| READING scroll labelled NARUGO MOCZOYD.
  3150 | D:5      | 3150 ||| READING scroll labelled HYRRAOZXAILAC.
  3279 | D:4      | 3279 ||| READING scroll labelled BIWNOG ETTI.
  3300 | D:5      | 3300 ||| INVOKING Spit Poison.
  3305 | D:5      | Reached XP level 8. HP: 66/72 MP: 10/10
  3306 | D:5      | 3306 ||| INVOKING Heroism.
  3307 | D:5      | 3307 ||| INVOKING Spit Poison.
  3311 | D:5      | 3311 ||| INVOKING Spit Poison.
  3314 | D:5      | 3314 ||| Stepping ~*~*~tactically~*~*~ (outnumbered).
  3317 | D:5      | 3317 ||| INVOKING Spit Poison.
  3322 | D:5      | 3322 ||| INVOKING Spit Poison.
  3426 | D:5      | 3426 ||| INVOKING Spit Poison.
  3438 | D:5      | 3438 ||| INVOKING Spit Poison.
  3450 | D:5      | 3450 ||| INVOKING Spit Poison.
  3455 | D:5      | 3455 ||| INVOKING Spit Poison.
  3464 | D:5      | 3464 ||| INVOKING Spit Poison.
  3469 | D:5      | 3469 ||| INVOKING Spit Poison.
  3471 | D:5      | Noticed Pikel
  3472 | D:5      | 3472 ||| INVOKING Heroism.
  3475 | D:5      | 3475 ||| INVOKING Spit Poison.
  3480 | D:5      | 3480 ||| INVOKING Spit Poison.
  3488 | D:5      | 3488 ||| INVOKING Spit Poison.
  3491 | D:5      | Killed Pikel
  3491 | D:5      | Reached ** piety under Okawaru
  3492 | D:5      | Reached skill level 8 in Ranged Weapons
  3569 | D:5      | Found a staircase to the Ecumenical Temple.
  3703 | D:5      | 3703 ||| DROPPING +0 leather armour.
  3704 | D:5      | 3704 ||| UPGRADING to +2 robe of willpower.
  3749 | D:6      | Noticed Edmund
  3750 | D:6      | 3750 ||| PLANNING OSSUARY
  3750 | D:6      | 3750 ||| INVOKING Heroism.
  3751 | D:6      | 3751 ||| INVOKING Spit Poison.
  3757 | D:6      | 3757 ||| INVOKING Spit Poison.
  3758 | D:6      | Killed Edmund
  3808 | D:6      | 3808 ||| INVOKING Spit Poison.
  3904 | D:6      | 3904 ||| INVOKING Spit Poison.
  3915 | D:6      | Reached XP level 9. HP: 81/81 MP: 12/12
  3945 | D:6      | 3945 ||| INVOKING Spit Poison.
  3950 | D:6      | 3950 ||| INVOKING Spit Poison.
  3954 | D:6      | 3954 ||| INVOKING Spit Poison.
  3968 | D:6      | Found Maesac's Serpentskin Sales.
  3975 | D:6      | 3975 ||| INVOKING Spit Poison.
  3983 | D:6      | 3983 ||| INVOKING Spit Poison.
  3985 | D:6      | 3985 ||| INVOKING Heroism.
  3987 | D:6      | 3987 ||| INVOKING Spit Poison.
  3991 | D:6      | 3991 ||| INVOKING Spit Poison.
  3998 | D:6      | 3998 ||| INVOKING Spit Poison.
  4000 | D:6      | 4000 ||| Stepping ~*~*~tactically~*~*~ (outnumbered).
  4002 | D:6      | Reached skill level 3 in Dodging
  4050 | D:6      | 4050 ||| INVOKING Spit Poison.
  4073 | D:6      | 4073 ||| INVOKING Spit Poison.
  4090 | D:6      | 4090 ||| INVOKING Spit Poison.
  4108 | D:6      | 4108 ||| INVOKING Spit Poison.
  4113 | D:6      | 4113 ||| INVOKING Spit Poison.
  4117 | D:6      | 4117 ||| INVOKING Spit Poison.
  4121 | D:6      | Reached skill level 9 in Ranged Weapons
  4122 | D:6      | 4122 ||| INVOKING Spit Poison.
  4125 | D:6      | 4125 ||| INVOKING Spit Poison.
  4129 | D:6      | 4129 ||| INVOKING Spit Poison.
  4150 | D:6      | 4150 ||| INVOKING Spit Poison.
  4155 | D:6      | 4155 ||| INVOKING Spit Poison.
  4161 | D:6      | 4161 ||| INVOKING Spit Poison.
  4221 | D:6      | 4221 ||| INVOKING Spit Poison.
  4250 | D:6      | 4250 ||| INVOKING Spit Poison.
  4253 | D:6      | Reached skill level 6 in Fighting
  4257 | D:6      | 4257 ||| INVOKING Spit Poison.
  4261 | D:6      | 4261 ||| INVOKING Spit Poison.
  4270 | D:6      | 4270 ||| INVOKING Spit Poison.
  4271 | D:6      | 4271 ||| Stepping ~*~*~tactically~*~*~ (outnumbered).
  4277 | D:6      | 4277 ||| INVOKING Spit Poison.
  4296 | D:6      | 4296 ||| INVOKING Spit Poison.
  4299 | D:6      | 4299 ||| Stepping ~*~*~tactically~*~*~ (outnumbered).
  4301 | D:6      | 4301 ||| INVOKING Spit Poison.
  4307 | D:6      | 4307 ||| Stepping ~*~*~tactically~*~*~ (outnumbered).
  4308 | D:6      | 4308 ||| INVOKING Spit Poison.
  4317 | D:6      | 4317 ||| INVOKING Spit Poison.
  4318 | D:6      | 4318 ||| INVOKING Spit Poison.
  4342 | D:6      | 4342 ||| INVOKING Spit Poison.
  4346 | D:6      | 4346 ||| INVOKING Spit Poison.
  4346 | D:6      | 4346 ||| RIP OSSUARY
  4347 | D:6      | 4347 ||| PLANNING D:1-11
  4350 | D:6      | 4350 ||| INVOKING Spit Poison.
  4463 | D:6      | 4463 ||| INVOKING Spit Poison.
  4468 | D:6      | 4468 ||| INVOKING Spit Poison.
  4474 | D:6      | 4474 ||| INVOKING Heroism.
  4477 | D:6      | 4477 ||| INVOKING Spit Poison.
  4764 | D:6      | Found a runed translucent door.
  4767 | D:6      | Noticed qw's ghost (novice NaHu)
  4767 | D:6      | Found the +8 autumn katana {manifold assault}
  4967 | D:6      | 4967 ||| DRINKING 2 gluggy clear potions.
  4967 | D:6      | Gained mutation: You are strong-willed. (Will+) [potion of
                  | mutation]
  5011 | D:7      | 5011 ||| INVOKING Spit Poison.
  5013 | D:7      | 5013 ||| INVOKING Heroism.
  5017 | D:7      | 5017 ||| INVOKING Spit Poison.
  5033 | D:7      | 5033 ||| INVOKING Spit Poison.
  5039 | D:7      | 5039 ||| INVOKING Spit Poison.
  5041 | D:7      | Reached skill level 10 in Ranged Weapons
  5056 | D:7      | 5056 ||| INVOKING Spit Poison.
  5126 | D:7      | 5126 ||| SWAPPING to +0 orcbow.
  5127 | D:7      | 5127 ||| DROPPING +2 shortbow of electrocution.
  5150 | D:7      | Noticed a boulder beetle
  5151 | D:7      | 5151 ||| INVOKING Heroism.
  5176 | D:7      | 5176 ||| INVOKING Heroism.
  5177 | D:7      | 5177 ||| INVOKING Spit Poison.
  5182 | D:7      | 5182 ||| INVOKING Spit Poison.
  5192 | D:7      | 5192 ||| INVOKING Spit Poison.
  5196 | D:7      | 5196 ||| INVOKING Spit Poison.
  5197 | D:7      | HP: 11/82 [boulder beetle (17)]
  5198 | D:7      | 5198 ||| READING 3 scrolls of teleportation.
  5428 | D:7      | 5428 ||| INVOKING Heroism.
  5429 | D:7      | 5429 ||| INVOKING Spit Poison.
  5442 | D:7      | 5442 ||| INVOKING Spit Poison.
  5444 | D:7      | Killed a boulder beetle
  5445 | D:7      | Reached XP level 10. HP: 91/91 MP: 11/13
  5601 | D:7      | 5601 ||| INVOKING Spit Poison.
  5608 | D:7      | 5608 ||| INVOKING Spit Poison.
  5611 | D:7      | 5611 ||| INVOKING Spit Poison.
  5618 | D:7      | 5618 ||| INVOKING Spit Poison.
  5619 | D:7      | 5619 ||| INVOKING Heroism.
  5623 | D:7      | 5623 ||| INVOKING Spit Poison.
  5713 | D:7      | 5713 ||| INVOKING Spit Poison.
  5757 | D:7      | 5757 ||| INVOKING Spit Poison.
  5761 | D:7      | 5761 ||| INVOKING Heroism.
  5762 | D:7      | 5762 ||| INVOKING Spit Poison.
  5837 | D:7      | 5837 ||| INVOKING Spit Poison.
  5957 | D:7      | 5957 ||| INVOKING Heroism.
  6304 | D:7      | 6304 ||| DROPPING +0 ring mail of cold resistance.
  6305 | D:7      | 6305 ||| UPGRADING to +0 troll leather armour.
  6315 | D:7      | 6315 ||| DROPPING +2 robe of willpower.
  6316 | D:7      | 6316 ||| READING scroll labelled QIHUYK LUIXKE.
  6317 | D:7      | 6317 ||| READING scroll labelled PYOQOE BOMMEOS.
  6318 | D:7      | 6318 ||| READING 2 scrolls of identify.
  6318 | D:7      | 6318 ||| IDENTIFYING lumpy amethyst potion
  6344 | D:8      | 6344 ||| INVOKING Spit Poison.
  6395 | D:8      | Noticed a boulder beetle
  6396 | D:8      | 6396 ||| INVOKING Heroism.
  6403 | D:8      | 6403 ||| INVOKING Spit Poison.
  6407 | D:8      | 6407 ||| INVOKING Spit Poison.
  6414 | D:8      | 6414 ||| INVOKING Spit Poison.
  6415 | D:8      | Killed a boulder beetle
  6416 | D:8      | Reached skill level 11 in Ranged Weapons
  6429 | D:8      | Noticed a two-headed ogre
  6430 | D:8      | 6430 ||| INVOKING Heroism.
  6433 | D:8      | 6433 ||| INVOKING Spit Poison.
  6440 | D:8      | Killed a two-headed ogre
  6441 | D:8      | Reached skill level 3 in Armour
  6448 | D:8      | 6448 ||| INVOKING Spit Poison.
  6473 | D:8      | 6473 ||| INVOKING Heroism.
  6474 | D:8      | 6474 ||| INVOKING Spit Poison.
  6480 | D:8      | 6480 ||| INVOKING Spit Poison.
  6699 | D:8      | 6699 ||| INVOKING Spit Poison.
  6702 | D:8      | 6702 ||| INVOKING Spit Poison.
  6705 | D:8      | 6705 ||| INVOKING Spit Poison.
  6778 | D:8      | 6778 ||| READING scroll labelled ASCHEXKA SITEPI.
  6879 | D:8      | 6879 ||| READING scroll labelled NEIMOI BUARAA.
  6880 | D:8      | 6880 ||| READING 2 scrolls of identify.
  6880 | D:8      | 6880 ||| IDENTIFYING amethyst potion
  6881 | D:8      | 6881 ||| DROPPING potion of degeneration.
  7194 | D:9      | 7194 ||| INVOKING Spit Poison.
  7197 | D:9      | Reached *** piety under Okawaru
  7250 | D:9      | Noticed a two-headed ogre
  7251 | D:9      | 7251 ||| INVOKING Heroism.
  7252 | D:9      | 7252 ||| INVOKING Spit Poison.
  7256 | D:9      | Killed a two-headed ogre
  7257 | D:9      | Reached XP level 11. HP: 104/104 MP: 11/14
  7278 | D:9      | 7278 ||| INVOKING Spit Poison.
  7279 | D:9      | 7279 ||| Stepping ~*~*~tactically~*~*~ (outnumbered).
  7281 | D:9      | 7281 ||| INVOKING Spit Poison.
  7289 | D:9      | 7289 ||| INVOKING Spit Poison.
  7293 | D:9      | 7293 ||| INVOKING Spit Poison.
  7412 | D:9      | 7412 ||| INVOKING Spit Poison.
  7413 | D:9      | 7413 ||| INVOKING Heroism.
  7416 | D:9      | 7416 ||| INVOKING Spit Poison.
  7420 | D:9      | 7420 ||| INVOKING Spit Poison.
  7475 | D:9      | Noticed a two-headed ogre
  7476 | D:9      | 7476 ||| INVOKING Heroism.
  7477 | D:9      | 7477 ||| INVOKING Spit Poison.
  7485 | D:9      | 7485 ||| INVOKING Spit Poison.
  7485 | D:9      | Killed a two-headed ogre
  7651 | D:9      | 7651 ||| INVOKING Spit Poison.
  7658 | D:9      | 7658 ||| INVOKING Spit Poison.
  7662 | D:9      | 7662 ||| INVOKING Heroism.
  7666 | D:9      | 7666 ||| INVOKING Spit Poison.
  7705 | D:9      | 7705 ||| INVOKING Spit Poison.
  7709 | D:9      | 7709 ||| INVOKING Spit Poison.
  7789 | D:9      | 7789 ||| READING 2 scrolls of identify.
  7789 | D:9      | 7789 ||| IDENTIFYING ruby potion
  7790 | D:9      | 7790 ||| DROPPING potion of berserk rage.
  7826 | D:10     | Entered Level 10 of the Dungeon
  7837 | D:10     | 7837 ||| STAIRDANCE
  7999 | D:10     | 7999 ||| INVOKING Spit Poison.
  8016 | D:10     | Noticed Fannar
  8018 | D:10     | 8018 ||| INVOKING Spit Poison.
  8020 | D:10     | Noticed a boulder beetle
  8021 | D:10     | 8021 ||| INVOKING Heroism.
  8022 | D:10     | 8022 ||| INVOKING Spit Poison.
  8032 | D:10     | 8032 ||| INVOKING Spit Poison.
  8036 | D:10     | 8036 ||| INVOKING Spit Poison.
  8037 | D:10     | Killed Fannar
  8038 | D:10     | Reached skill level 12 in Ranged Weapons
  8039 | D:10     | 8039 ||| INVOKING Heroism.
  8138 | D:10     | 8138 ||| INVOKING Heroism.
  8142 | D:10     | 8142 ||| INVOKING Spit Poison.
  8162 | D:10     | 8162 ||| INVOKING Spit Poison.
  8166 | D:10     | 8166 ||| INVOKING Spit Poison.
  8172 | D:10     | Killed a boulder beetle
  8172 | D:10     | Reached **** piety under Okawaru
  8200 | D:10     | Found a staircase to the Orcish Mines.
  8219 | D:10     | Found the amulet of Elemental Vulnerability {rPois rF--
                  | rC-- AC+8}
  8220 | D:10     | 8220 ||| INVOKING Heroism.
  8222 | D:10     | 8222 ||| INVOKING Spit Poison.
  8253 | D:10     | Found a bloodstained altar of Trog.
  8383 | D:10     | 8383 ||| INVOKING Spit Poison.
  8432 | D:10     | Noticed Gastronok
  8433 | D:10     | 8433 ||| INVOKING Heroism.
  8440 | D:10     | 8440 ||| INVOKING Spit Poison.
  8445 | D:10     | 8445 ||| INVOKING Spit Poison.
  8453 | D:10     | 8453 ||| INVOKING Spit Poison.
  8455 | D:10     | 8455 ||| INVOKING Heroism.
  8461 | D:10     | 8461 ||| INVOKING Spit Poison.
  8462 | D:10     | 8462 ||| INVOKING Spit Poison.
  8468 | D:10     | Killed Gastronok
  8469 | D:10     | Reached skill level 13 in Ranged Weapons
  8489 | D:10     | 8489 ||| INVOKING Spit Poison.
  8497 | D:10     | 8497 ||| INVOKING Spit Poison.
  8658 | D:10     | Found an ancient bone altar of Kikubaaqudgha.
  8695 | D:10     | 8695 ||| INVOKING Spit Poison.
  8709 | D:10     | Found a glowing silver altar of Zin.
  8778 | D:10     | 8778 ||| INVOKING Spit Poison.
  8784 | D:10     | Found a shimmering altar of Xom.
  8787 | D:10     | 8787 ||| INVOKING Spit Poison.
  8816 | D:10     | 8816 ||| UPGRADING to +2 hat of stealth.
  8821 | D:10     | 8821 ||| DROPPING amulet of regeneration.
  8822 | D:10     | 8822 ||| READING scroll labelled HOUGEWIPSE.
  8823 | D:10     | 8823 ||| DRINKING 2 smoky sapphire potions.
  8875 | D:11     | 8875 ||| READING 2 scrolls of identify.
  8875 | D:11     | 8875 ||| IDENTIFYING yellow potion
  8882 | D:10     | Found a white marble altar of Elyvilon.
  9037 | D:11     | 9037 ||| INVOKING Heroism.
  9044 | D:11     | Reached skill level 9 in Fighting
  9090 | D:11     | 9090 ||| INVOKING Spit Poison.
  9096 | D:11     | 9096 ||| INVOKING Spit Poison.
  9101 | D:11     | 9101 ||| INVOKING Spit Poison.
  9157 | D:11     | 9157 ||| INVOKING Spit Poison.
  9161 | D:11     | 9161 ||| INVOKING Spit Poison.
  9166 | D:11     | 9166 ||| INVOKING Spit Poison.
  9174 | D:11     | 9174 ||| INVOKING Spit Poison.
  9176 | D:11     | Reached XP level 12. HP: 95/114 MP: 16/16
  9180 | D:11     | 9180 ||| INVOKING Heroism.
  9251 | D:11     | Reached skill level 6 in Invocations
  9504 | D:11     | Noticed a boulder beetle
  9505 | D:11     | 9505 ||| INVOKING Heroism.
  9518 | D:11     | Killed a boulder beetle
  9565 | D:11     | Found a glowing silver altar of Zin.
  9565 | D:11     | Noticed an angel
  9596 | D:11     | Reached ***** piety under Okawaru
  9606 | D:11     | 9606 ||| INVOKING Heroism.
  9670 | D:11     | Found a staircase to the Lair.
  9922 | D:11     | Reached skill level 14 in Ranged Weapons
 10011 | D:11     | 10011 ||| PLANNING LAIR
 10011 | D:11     | 10011 ||| DROPPING amulet of guardian spirit.
 10012 | D:11     | 10012 ||| DROPPING ring of flight.
 10069 | Lair:1   | Entered Level 1 of the Lair of Beasts
 10461 | Lair:1   | Noticed Joseph
 10470 | Lair:1   | Killed Joseph
 10499 | Lair:1   | Received a gift from Okawaru
 10501 | Lair:1   | 10501 ||| SWAPPING to +1 longbow of flaming.
 10502 | Lair:1   | 10502 ||| DROPPING +1 orcbow of freezing.
 10527 | Lair:1   | 10527 ||| INVOKING Heroism.
 10550 | Lair:1   | 10550 ||| READING scroll of brand weapon.
 10550 | Lair:1   | 10550 ||| BRANDING +1 longbow of flaming.
 10661 | Lair:1   | 10661 ||| READING scroll of enchant weapon.
 10661 | Lair:1   | 10661 ||| ENCHANTING +1 longbow of electrocution.
 10746 | Lair:1   | 10746 ||| UPGRADING to +1 helmet.
 10756 | Lair:1   | 10756 ||| DROPPING +2 hat of stealth.
 10757 | Lair:1   | 10757 ||| READING 4 scrolls of identify.
 10757 | Lair:1   | 10757 ||| IDENTIFYING silvery potion
 10758 | Lair:1   | 10758 ||| READING 3 scrolls of identify.
 10758 | Lair:1   | 10758 ||| IDENTIFYING murky blue potion
 10759 | Lair:1   | 10759 ||| READING 2 scrolls of identify.
 10759 | Lair:1   | 10759 ||| IDENTIFYING fuming ruby potion
 10760 | Lair:1   | 10760 ||| DROPPING potion of ambrosia.
 10761 | Lair:1   | 10761 ||| DROPPING potion of invisibility.
 10762 | Lair:1   | 10762 ||| DROPPING potion of lignification.
 10930 | Lair:2   | Noticed a skyshark
 10941 | Lair:2   | 10941 ||| INVOKING Heroism.
 10943 | Lair:2   | HP: 13/116 [skyshark (19)]
 10944 | Lair:2   | 10944 ||| READING 5 scrolls of teleportation.
 10945 | Lair:2   | 10945 ||| DRINKING potion of heal wounds.
 10947 | Lair:2   | Killed a skyshark
 10948 | Lair:2   | Reached skill level 9 in Invocations
 11019 | Lair:2   | Found a staircase to the Swamp.
 11085 | Lair:2   | 11085 ||| INVOKING Heroism.
 11156 | Lair:2   | Noticed a catoblepas
 11157 | Lair:2   | 11157 ||| Stepping ~*~*~tactically~*~*~ (cloud).
 11158 | Lair:2   | 11158 ||| INVOKING Heroism.
 11159 | Lair:2   | 11159 ||| INVOKING Finesse.
 11165 | Lair:2   | Killed a catoblepas
 11166 | Lair:2   | Gained mutation: You can use your snake-like lower body to
                  | constrict enemies. [Naga growth]
 11166 | Lair:2   | Reached XP level 13. HP: 95/123 MP: 12/20
 11274 | Lair:2   | 11274 ||| INVOKING Heroism.
 11364 | Lair:2   | Found a staircase to the Snake Pit.
 11365 | Lair:2   | 11365 ||| INVOKING Heroism.
 11370 | Lair:2   | 11370 ||| Stepping ~*~*~tactically~*~*~ (outnumbered).
 11371 | Lair:2   | 11371 ||| Stepping ~*~*~tactically~*~*~ (outnumbered).
 11380 | Lair:2   | 11380 ||| Stepping ~*~*~tactically~*~*~ (outnumbered).
 11383 | Lair:2   | 11383 ||| Stepping ~*~*~tactically~*~*~ (outnumbered).
 11400 | Lair:2   | 11400 ||| Stepping ~*~*~tactically~*~*~ (outnumbered).
 11738 | Lair:3   | 11738 ||| PLANNING GAUNTLET
 11740 | Lair:3   | Identified the +0 barding of the Dungeon {+Blink rF- rCorr}
                  | (Okawaru gifted it to you on level 3 of the Lair of Beasts)
 11740 | Lair:3   | Received a gift from Okawaru
 11755 | Lair:3   | 11755 ||| INVOKING Heroism.
 11772 | Lair:3   | Reached skill level 15 in Ranged Weapons
 11788 | Lair:3   | 11788 ||| INVOKING Heroism.
 11790 | Lair:3   | 11790 ||| Stepping ~*~*~tactically~*~*~ (cloud).
 11886 | Lair:3   | 11886 ||| INVOKING Heroism.
 11923 | Lair:3   | Reached skill level 6 in Dodging
 11932 | Lair:3   | 11932 ||| INVOKING Heroism.
 12032 | Lair:3   | 12032 ||| INVOKING Heroism.
 12094 | Lair:3   | 12094 ||| INVOKING Heroism.
 12123 | Lair:3   | 12123 ||| RIP GAUNTLET
 12124 | Lair:3   | 12124 ||| PLANNING LAIR
 12127 | Lair:3   | Identified the +4 falchion of Untruth {freeze, rN+}
 12148 | Lair:3   | Noticed Nergalle
 12149 | Lair:3   | 12149 ||| INVOKING Heroism.
 12161 | Lair:3   | Killed Nergalle
 12504 | Lair:3   | 12504 ||| UPGRADING to +0 barding of the Dungeon {+Blink
                  | rF- rCorr}.
 12509 | Lair:3   | 12509 ||| DROPPING scarf of invisibility.
 12510 | Lair:3   | 12510 ||| UPGRADING to amulet of Elemental Vulnerability
                  | {rPois rF-- rC-- AC+8}.
 12520 | Lair:3   | 12520 ||| READING 5 scrolls of identify.
 12520 | Lair:3   | 12520 ||| IDENTIFYING sedimented sapphire potion
 12521 | Lair:3   | 12521 ||| DROPPING potion of enlightenment.
 12557 | Lair:4   | Found a runed translucent gate.
 12559 | Lair:4   | Found a runed translucent gate.
 12560 | Lair:4   | Found a runed translucent gate.
 12561 | Lair:4   | Noticed qw's ghost (journeyman GrFi)
 12605 | Lair:4   | Found a runed translucent door.
 12605 | Lair:4   | Found a viscous altar of Jiyva.
 12605 | Lair:4   | Found a staircase to the Slime Pits.
 12641 | Lair:4   | 12641 ||| INVOKING Heroism.
 13007 | Lair:4   | 13007 ||| INVOKING Heroism.
 13121 | Lair:4   | Noticed Urug
 13122 | Lair:4   | 13122 ||| INVOKING Heroism.
 13129 | Lair:4   | Killed Urug
 13513 | Lair:5   | Entered Level 5 of the Lair of Beasts
 13514 | Lair:5   | 13514 ||| INVOKING Heroism.
 13520 | Lair:5   | Reached skill level 16 in Ranged Weapons
 13587 | Lair:5   | 13587 ||| INVOKING Heroism.
 13619 | Lair:5   | 13619 ||| INVOKING Heroism.
 13797 | Lair:5   | Reached XP level 14. HP: 133/133 MP: 21/21
 13890 | Lair:5   | 13890 ||| INVOKING Heroism.
 13985 | Lair:5   | 13985 ||| INVOKING Heroism.
 14107 | Lair:5   | Received a gift from Okawaru
 14145 | Lair:5   | 14145 ||| INVOKING Heroism.
 14182 | Lair:5   | Reached skill level 17 in Ranged Weapons
 14184 | Lair:5   | 14184 ||| INVOKING Heroism.
 14198 | Lair:5   | HP: 29/135 [yak (8)]
 14199 | Lair:5   | 14199 ||| READING 6 scrolls of teleportation.
 14210 | Lair:5   | 14210 ||| READING 5 scrolls of teleportation.
 14212 | Lair:5   | 14212 ||| INVOKING Heroism.
 14338 | Lair:5   | 14338 ||| INVOKING Heroism.
 14366 | Lair:5   | Reached skill level 6 in Armour
 14437 | Lair:5   | 14437 ||| INVOKING Heroism.
 14471 | Lair:5   | HP: 31/135 [yak (5)]
 14472 | Lair:5   | 14472 ||| READING 4 scrolls of teleportation.
 14476 | Lair:5   | HP: 18/135 [yak (1)]
 14686 | Lair:5   | 14686 ||| INVOKING Heroism.
 15003 | Lair:5   | 15003 ||| PLANNING D
 15003 | Lair:5   | 15003 ||| UPGRADING to +6 ring of strength.
 15004 | Lair:5   | 15004 ||| DRINKING 3 inky potions.
 15135 | D:12     | Noticed Lodul
 15136 | D:12     | 15136 ||| INVOKING Heroism.
 15154 | D:12     | Killed Lodul
 15305 | D:12     | Noticed Maurice
 15314 | D:12     | Killed Maurice
 15377 | D:12     | Identified the +0 barding of Neesoid {*Corrode Will+ Regen+
                  | Stlth+} (Okawaru gifted it to you on level 12 of the
                  | Dungeon)
 15377 | D:12     | Received a gift from Okawaru
 15602 | D:12     | 15602 ||| READING scroll of enchant weapon.
 15602 | D:12     | 15602 ||| ENCHANTING +2 longbow of electrocution.
 15842 | D:12     | 15842 ||| UPGRADING to +2 cloak of poison resistance.
 15852 | D:12     | 15852 ||| DROPPING +0 cloak.
 15853 | D:12     | 15853 ||| UPGRADING to +0 barding of Neesoid {*Corrode
                  | Will+ Regen+ Stlth+}.
 15863 | D:12     | 15863 ||| DROPPING +0 barding of the Dungeon {+Blink rF-
                  | rCorr}.
 15864 | D:12     | 15864 ||| UPGRADING to amulet of reflection.
 16017 | D:13     | 16017 ||| INVOKING Heroism.
 16037 | D:13     | 16037 ||| INVOKING Finesse.
 16056 | D:13     | 16056 ||| INVOKING Heroism.
 16058 | D:13     | Reached XP level 15. HP: 94/141 MP: 15/22
 16250 | D:13     | Found a gate to the Vaults.
 16705 | D:14     | Found a frozen archway.
 16708 | D:14     | Found Pull's Antique Armour Boutique.
 16719 | D:14     | 16719 ||| BUYING faintly glowing leather armour (217 gold).
 16719 | D:14     | Bought a faintly glowing leather armour for 217 gold pieces
 16719 | D:14     | Identified the +1 leather armour "Wuolicil" {Drain +Inv rC+
                  | Slay+2} (You bought it in a shop on level 14 of the
                  | Dungeon)
 17050 | D:14     | Reached skill level 18 in Ranged Weapons
 17288 | D:14     | 17288 ||| UPGRADING to +1 leather armour "Wuolicil" {Drain
                  | +Inv rC+ Slay+2}.
 17298 | D:14     | 17298 ||| READING 8 scrolls of identify.
 17298 | D:14     | 17298 ||| IDENTIFYING lumpy yellow potion
 17337 | D:15     | Entered Level 15 of the Dungeon
 17350 | D:15     | 17350 ||| STAIRDANCE
 17383 | D:15     | 17383 ||| STAIRDANCE
 17509 | D:15     | 17509 ||| INVOKING Heroism.
 17565 | D:15     | 17565 ||| INVOKING Heroism.
 17598 | D:15     | Reached skill level 12 in Fighting
 17636 | D:15     | 17636 ||| INVOKING Heroism.
 17794 | D:15     | 17794 ||| FLEEEEING.
 17856 | D:15     | 17856 ||| INVOKING Heroism.
 17993 | D:15     | Found Guakh's Gadget Gallery.
 18220 | D:15     | Found a staircase to the Depths.
 18221 | D:15     | 18221 ||| INVOKING Heroism.
 18311 | D:15     | 18311 ||| PLANNING ORC
 18311 | D:15     | 18311 ||| READING scroll labelled EBBUWU TUIRACU.
 18443 | Orc:1    | Entered Level 1 of the Orcish Mines
 18476 | Orc:1    | 18476 ||| INVOKING Heroism.
 18513 | Orc:1    | 18513 ||| INVOKING Heroism.
 18854 | Orc:2    | Entered Level 2 of the Orcish Mines
 18902 | Orc:2    | Found Wikhle Riobbo's Distillery.
 18916 | Orc:2    | 18916 ||| BUYING 2 potions of mutation (208 gold).
 18916 | Orc:2    | Bought 2 potions of mutation for 208 gold pieces
 18916 | Orc:2    | 18916 ||| BUYING potion of curing (39 gold).
 18916 | Orc:2    | Bought a potion of curing for 39 gold pieces
 18916 | Orc:2    | 18916 ||| BUYING potion of curing (39 gold).
 18916 | Orc:2    | Bought a potion of curing for 39 gold pieces
 18916 | Orc:2    | 18916 ||| BUYING potion of experience (650 gold).
 18916 | Orc:2    | Bought a potion of experience for 650 gold pieces
 18916 | Orc:2    | 18916 ||| BUYING potion of heal wounds (65 gold).
 18916 | Orc:2    | Bought a potion of heal wounds for 65 gold pieces
 18916 | Orc:2    | 18916 ||| BUYING potion of might (52 gold).
 18916 | Orc:2    | Bought a potion of might for 52 gold pieces
 18916 | Orc:2    | 18916 ||| BUYING potion of resistance (130 gold).
 18916 | Orc:2    | Bought a potion of resistance for 130 gold pieces
 18916 | Orc:2    | 18916 ||| DRINKING potion of experience.
 18916 | Orc:2    | Reached skill level 19 in Ranged Weapons
 18916 | Orc:2    | Reached XP level 16. HP: 152/152 MP: 23/23
 18949 | Orc:2    | 18949 ||| Stepping ~*~*~tactically~*~*~ (outnumbered).
 18951 | Orc:2    | 18951 ||| Stepping ~*~*~tactically~*~*~ (outnumbered).
 18955 | Orc:2    | 18955 ||| Stepping ~*~*~tactically~*~*~ (outnumbered).
 18968 | Orc:2    | Found a runed translucent door.
 18985 | Orc:2    | 18985 ||| Stepping ~*~*~tactically~*~*~ (outnumbered).
 19045 | Orc:2    | Found a runed translucent door.
 19108 | Orc:2    | Found the +10 tower shield of Ignorance {rN+ Int-4}
 19248 | Orc:2    | Noticed Rupert
 19249 | Orc:2    | 19249 ||| INVOKING Heroism.
 19258 | Orc:2    | Killed Rupert
 19279 | Orc:2    | Found a staircase to the Elven Halls.
 19356 | Orc:2    | 19356 ||| INVOKING Heroism.
 19491 | Orc:2    | 19491 ||| Stepping ~*~*~tactically~*~*~ (outnumbered).
 19493 | Orc:2    | 19493 ||| Stepping ~*~*~tactically~*~*~ (outnumbered).
 19515 | Orc:2    | Found Vikash's Weapon Boutique.
 19581 | Orc:2    | 19581 ||| INVOKING Heroism.
 19582 | Orc:2    | 19582 ||| INVOKING Finesse.
 19594 | Orc:2    | Reached skill level 9 in Dodging
 19635 | Orc:2    | Found Viessi's Antique Weapon Boutique.
 19640 | Orc:2    | Found Lijys's Antique Armour Shop.
 19691 | Orc:2    | 19691 ||| INVOKING Heroism.
 19760 | Orc:2    | Found Plog's Assorted Antiques.
 19768 | Orc:2    | 19768 ||| BUYING potion of curing (93 gold).
 19768 | Orc:2    | Bought a potion of curing for 93 gold pieces
 19768 | Orc:2    | 19768 ||| BUYING potion of curing (93 gold).
 19768 | Orc:2    | Bought a potion of curing for 93 gold pieces
 19768 | Orc:2    | 19768 ||| BUYING scroll of teleportation (93 gold).
 19768 | Orc:2    | Bought a scroll of teleportation for 93 gold pieces
 19768 | Orc:2    | 19768 ||| BUYING wand of digging (3) (390 gold).
 19768 | Orc:2    | Bought a wand of digging (3) for 390 gold pieces
 19818 | Orc:2    | 19818 ||| Stepping ~*~*~tactically~*~*~ (outnumbered).
 19822 | Orc:2    | 19822 ||| Stepping ~*~*~tactically~*~*~ (outnumbered).
 19907 | Orc:2    | 19907 ||| PLANNING SNAKE:1-3
 20063 | Snake:1  | Entered Level 1 of the Snake Pit
 20068 | Snake:1  | 20068 ||| STAIRDANCE
 20216 | Snake:1  | 20216 ||| INVOKING Heroism.
 20221 | Snake:1  | Reached XP level 17. HP: 162/162 MP: 21/24
 20331 | Snake:1  | Noticed Agnes
 20332 | Snake:1  | 20332 ||| INVOKING Heroism.
 20342 | Snake:1  | Killed Agnes
 20354 | Snake:1  | HP: 40/162 [naga warrior/+1 heavy hand axe (34)]
 20355 | Snake:1  | 20355 ||| READING 5 scrolls of teleportation.
 20356 | Snake:1  | 20356 ||| DRINKING 2 potions of heal wounds.
 20486 | Snake:1  | Noticed Louise
 20496 | Snake:1  | Killed Louise
 20731 | Snake:1  | Noticed Aizul
 20732 | Snake:1  | 20732 ||| INVOKING Heroism.
 20733 | Snake:1  | 20733 ||| INVOKING Finesse.
 20742 | Snake:1  | Killed Aizul
 21012 | Snake:1  | Found Wiqoh's Jewellery Shop.
 21012 | Snake:1  | Found Qaok's Book Shoppe.
 21013 | Snake:1  | Found Noipp's Jewellery Shop.
 21019 | Snake:1  | 21019 ||| BUYING +6 ring of strength (396 gold).
 21019 | Snake:1  | Bought a +6 ring of strength for 396 gold pieces
 21019 | Snake:1  | 21019 ||| SHOPLISTING amulet "Exemufau" {rPois Will+ Regen+
                  | Str-5 Int+7} (561 gold, have 259).
 21019 | Snake:1  | 21019 ||| SHOPLISTING ring of fire (275 gold, have 259).
 21019 | Snake:1  | 21019 ||| SHOPLISTING ring of protection from cold (275
                  | gold, have 259).
 21378 | Snake:1  | 21378 ||| UPGRADING to +6 ring of strength.
 21405 | Snake:2  | You fall into a shaft and drop 1 floor!
 21405 | Snake:3  | Found an ancient bone altar of Kikubaaqudgha.
 21406 | Snake:3  | Noticed Mlioglotl
 21407 | Snake:3  | 21407 ||| INVOKING Heroism.
 21408 | Snake:3  | 21408 ||| Stepping ~*~*~tactically~*~*~ (outnumbered).
 21418 | Snake:3  | 21418 ||| Stepping ~*~*~tactically~*~*~ (outnumbered).
 21421 | Snake:3  | 21421 ||| Stepping ~*~*~tactically~*~*~ (outnumbered).
 21444 | Snake:3  | Killed Mlioglotl
 21549 | Snake:3  | 21549 ||| INVOKING Heroism.
 21668 | Snake:3  | 21668 ||| Stepping ~*~*~tactically~*~*~ (outnumbered).
 21669 | Snake:3  | 21669 ||| Stepping ~*~*~tactically~*~*~ (outnumbered).
 21677 | Snake:3  | 21677 ||| Stepping ~*~*~tactically~*~*~ (outnumbered).
 21679 | Snake:3  | 21679 ||| Stepping ~*~*~tactically~*~*~ (outnumbered).
 21711 | Snake:2  | Reached skill level 20 in Ranged Weapons
 21737 | Snake:2  | 21737 ||| INVOKING Heroism.
 21783 | Snake:2  | 21783 ||| Stepping ~*~*~tactically~*~*~ (outnumbered).
 21796 | Snake:2  | 21796 ||| Stepping ~*~*~tactically~*~*~ (outnumbered).
 21986 | Snake:2  | Noticed Vashnia
 21987 | Snake:2  | 21987 ||| INVOKING Heroism.
 21989 | Snake:2  | 21989 ||| Stepping ~*~*~tactically~*~*~ (outnumbered).
 21996 | Snake:2  | 21996 ||| Stepping ~*~*~tactically~*~*~ (outnumbered).
 22001 | Snake:2  | 22001 ||| Stepping ~*~*~tactically~*~*~ (outnumbered).
 22005 | Snake:2  | 22005 ||| Stepping ~*~*~tactically~*~*~ (outnumbered).
 22031 | Snake:2  | HP: 41/164 [naga sharpshooter/arrow[Vashnia] (17)]
 22031 | Snake:2  | HP: 12/164 [Vashnia/bolt (29)]
 22032 | Snake:2  | 22032 ||| READING 5 scrolls of teleportation.
 22033 | Snake:2  | 22033 ||| DRINKING 2 potions of heal wounds.
 22034 | Snake:2  | 22034 ||| DRINKING potion of heal wounds.
 22035 | Snake:2  | 22035 ||| INVOKING Heroism.
 22037 | Snake:2  | HP: 22/164 [poisoned by a naga ritualist (toxic radiance)]
 22162 | Snake:2  | 22162 ||| INVOKING Heroism.
 22192 | Snake:2  | 22192 ||| INVOKING Heroism.
 22205 | Snake:2  | Killed Vashnia
 22831 | Snake:3  | 22831 ||| INVOKING Heroism.
 22892 | Snake:3  | 22892 ||| Stepping ~*~*~tactically~*~*~ (outnumbered).
 22909 | Snake:3  | 22909 ||| Stepping ~*~*~tactically~*~*~ (outnumbered).
 22914 | Snake:3  | 22914 ||| INVOKING Heroism.
 22937 | Snake:3  | HP: 39/166 [nagaraja/+0 spear (5)]
 22938 | Snake:3  | 22938 ||| READING 6 scrolls of teleportation.
 22942 | Snake:3  | HP: 39/166 [poisoned by a nagaraja (splash of poison)]
 23179 | Snake:3  | 23179 ||| INVOKING Heroism.
 23229 | Snake:3  | 23229 ||| Stepping ~*~*~tactically~*~*~ (outnumbered).
 23232 | Snake:3  | 23232 ||| Stepping ~*~*~tactically~*~*~ (outnumbered).
 23235 | Snake:3  | 23235 ||| Stepping ~*~*~tactically~*~*~ (outnumbered).
 23240 | Snake:3  | 23240 ||| INVOKING Heroism.
 23315 | Snake:3  | 23315 ||| INVOKING Heroism.
 23316 | Snake:3  | 23316 ||| Stepping ~*~*~tactically~*~*~ (outnumbered).
 23321 | Snake:3  | Received a gift from Okawaru
 23321 | Snake:3  | Found the +9 sword of Power {lifebolt}
 23325 | Snake:3  | 23325 ||| Stepping ~*~*~tactically~*~*~ (outnumbered).
 23365 | Snake:3  | Reached skill level 15 in Fighting
 23369 | Snake:3  | Reached XP level 18. HP: 175/178 MP: 25/25
 23371 | Snake:3  | 23371 ||| DROPPING +0 shortbow of flaming.
 23499 | Snake:3  | 23499 ||| PLANNING SWAMP:1-3
 23499 | Snake:3  | 23499 ||| UPGRADING to ring of protection from fire.
 23624 | Swamp:1  | Entered Level 1 of the Swamp
 23625 | Swamp:1  | 23625 ||| INVOKING Heroism.
 23637 | Swamp:1  | 23637 ||| STAIRDANCE
 23735 | Swamp:1  | 23735 ||| STAIRDANCE
 23773 | Swamp:1  | 23773 ||| INVOKING Heroism.
 23831 | Swamp:1  | 23831 ||| INVOKING Heroism.
 23898 | Swamp:1  | 23898 ||| INVOKING Heroism.
 23966 | Swamp:1  | Noticed Josephine
 23984 | Swamp:1  | Killed Josephine
 24035 | Swamp:1  | 24035 ||| INVOKING Heroism.
 24312 | Swamp:1  | 24312 ||| UPGRADING to ring of protection from fire.
 24354 | Swamp:2  | Identified the +3 robe of Darkness {rF++ rN+}
 24387 | Swamp:2  | 24387 ||| INVOKING Heroism.
 24611 | Swamp:2  | 24611 ||| INVOKING Heroism.
 25127 | Swamp:2  | 25127 ||| DROPPING +0 leather armour of fire resistance.
 25159 | Swamp:3  | Found a transporter.
 25178 | Swamp:3  | 25178 ||| INVOKING Heroism.
 25205 | Swamp:3  | Found a bloodstained altar of Trog.
 25205 | Swamp:3  | Noticed qw's ghost (adept GrFi)
 25227 | Swamp:3  | Found a transporter.
 25294 | Swamp:3  | 25294 ||| INVOKING Heroism.
 25405 | Swamp:3  | 25405 ||| INVOKING Heroism.
 25465 | Swamp:3  | 25465 ||| INVOKING Heroism.
 25696 | Swamp:3  | 25696 ||| PLANNING SNAKE:4
 25870 | Snake:4  | Entered Level 4 of the Snake Pit
 25940 | Snake:4  | Identified the +1 hat of Trumpets {Will+ rCorr Str+2}
                  | (Okawaru gifted it to you on level 4 of the Snake Pit)
 25940 | Snake:4  | Received a gift from Okawaru
 25943 | Snake:4  | 25943 ||| INVOKING Heroism.
 25967 | Snake:4  | HP: 42/181 [naga sharpshooter/arrow (4)]
 25968 | Snake:4  | 25968 ||| READING 6 scrolls of teleportation.
 25969 | Snake:4  | 25969 ||| DRINKING potion of heal wounds.
 25973 | Snake:4  | 25973 ||| INVOKING Heroism.
 25976 | Snake:4  | 25976 ||| Stepping ~*~*~tactically~*~*~ (outnumbered).
 25977 | Snake:4  | 25977 ||| Stepping ~*~*~tactically~*~*~ (outnumbered).
 25978 | Snake:4  | 25978 ||| Stepping ~*~*~tactically~*~*~ (outnumbered).
 25978 | Snake:4  | HP: 41/181 [naga/+0 halberd (19)]
 25979 | Snake:4  | 25979 ||| READING 5 scrolls of teleportation.
 25981 | Snake:4  | HP: 1/181 [naga/+0 scimitar (34)]
 25982 | Snake:4  | Killed from afar by a guardian serpent

Levels and vault maps discovered:
D:1:      minmay_arrival_plants_in_alcoves, layout_rooms,
          hangedman_feature_mirror
D:2:      layout_loops_ring, basic_altar, minmay_hedge_maze,
          corexii_corridor_pit, uniq_terence
D:3:      layout_basic, mainiacjoe_overflow_catwalk, gammafunk_ghost_necromancy,
          serial_shops, nicolae_shop_rolling_square, minmay_misc_feat_doors
D:4:      layout_basic
D:5:      layout_loops_ring, grunt_temple_overflow_cloverleaf,
          minmay_temple_entry_offerings, gammafunk_ghost_stat_death,
          uniq_eustachio, uniq_pikel
D:6:      minmay_goblin_kobold_castle, layout_cave_pods,
          ebering_ghost_reflecting_pool, enter_ossuary_3,
          chequers_hall_statues_corner_a, guppyfry_shop_venom, uniq_edmund
D:7:      layout_basic, item_on_display_a
D:8:      wad_pebble_path, layout_rooms
D:9:      layout_basic
D:10:     layout_cave_pools, nicolae_overflow_hidden_temple, tgw_xom,
          minivault_24, uniq_gastronok, uniq_fannar
D:11:     layout_stronghold, minmay_lair_entry_grove, zin_angel
D:12:     layout_basic, uniq_lodul, uniq_maurice
D:13:     layout_small_grid, david_vaults_2
D:14:     layout_irregular_city, minivault_14, portal_ice_cave_entry_pillars_1,
          serial_shops, shop, hangedman_tell_no_tales
D:15:     grunt_enter_depths_snipers, layout_rooms, serial_ice, serial_ice_h,
          serial_ice_o, serial_ice_e, serial_ice_i, serial_ice_f, serial_ice_g,
          serial_ice_a, serial_ice_n, serial_ice_d, serial_ice_b, special_room
          [special_room_bee], nicolae_shop_gadgets
Lair:1:   layout_roguey, uniq_joseph
Lair:2:   layout_loops_ring, skrybe_swamp_entry_bodies,
          nicolae_snake_entry_warm_welcome, patterned_corridor,
          serial_bayou_shore_a
Lair:3:   layout_big_grid, gauntlet_entry_generic, grunt_megastairs_4,
          uniq_nergalle
Lair:4:   layout_regular_city, slime_entry_2, gammafunk_ghost_split,
          pdpol_lair_cavern_descent, uniq_urug
Lair:5:   gammafunk_lair_ancient_temple, layout_cave_pods
Swamp:1:  nicolae_swamp_ascending_descending, layout_basic_swamp,
          evilmike_swamp_ruin_house_2, uniq_josephine
Swamp:2:  layout_basic_swamp, nicolae_swamp_feature_on_the_river_bank,
          swamp_pool4
Swamp:3:  layout_basic_swamp, gammafunk_ghost_wrathful_warriors,
          evilmike_swamp_ruin_rubble_1
Snake:1:  layout_chambers, minmay_shop_grove, uniq_aizul, uniq_louise,
          uniq_agnes
Snake:2:  layout_grid_shapes, grunt_megastairs_5, uniq_vashnia
Snake:3:  layout_rooms, basic_altar, nicolae_snake_magic_snake_eye,
          serial_bayou_shore_b, uniq_mlioglotl
Snake:4:  snake_pit, layout_chambers, gammafunk_ghost_grave
Orc:1:    layout_caves
Orc:2:    grunt_orc_community_town_hall, layout_caves,
          grunt_orc_community_big_house_1, grunt_orc_community_big_house_1,
          grunt_orc_community_house_3, grunt_orc_community_house_2,
          grunt_orc_community_house_1, grunt_orc_community_house_3,
          serial_shops, nicolae_square_shop, chequers_guarded_unrand_ignorance,
          uniq_rupert

Skill      XL: |  1  2  3  4  5  6  7  8  9 10 11 12 13 14 15 16 17 18 |
---------------+-------------------------------------------------------+-----
Ranged Weapons | 4 5 6 7 8 10 11 13 14 16 17 19 20 | 20.0
Fighting       | 3 4 5 6 8 9 10 11 12 15 16 | 16.0
Armour         | 1 3 5 6 7 8 |  8.7
Invocations    | 3 4 5 9 10 | 10.0
Dodging        | 2 5 6 7 8 9 10 11 | 11.0
Stealth        | |  1.5

Action                     |  1- 3 |  4- 6 |  7- 9 | 10-12 | 13-15 | 16-18 || total
---------------------------+-------+-------+-------+-------+-------+-------++-------
   Fire: Shortbow          |    58 |   118 |   271 |       |       |       ||   447
         Orcbow            |       |       |    38 |   594 |       |       ||   632
         Longbow           |       |       |       |    59 |  1168 |  1164 ||  2391
 Invoke: Heroism           |       |       |    12 |    24 |    33 |    32 ||   101
         Finesse           |       |       |       |     1 |     1 |     2 ||     4
Ability: Spit Poison       |    19 |    50 |    78 |    62 |       |       ||   209
    Use: Scroll            |     2 |     4 |     5 |    15 |     7 |     5 ||    38
         Potion            |       |     3 |     1 |     2 |     2 |     4 ||    12
 Armour: Leather armour    |     3 |     2 |       |       |    53 |   166 ||   224
         Ring mail         |       |    14 |    20 |       |       |       ||    34
         Robe              |       |       |    37 |    18 |       |       ||    55
         Troll leather arm |       |       |       |    70 |   213 |       ||   283
  Dodge: Dodged            |     9 |    27 |    83 |   219 |   294 |   261 ||   893
  Block: Other             |       |    12 |    39 |    73 |    48 |    85 ||   257
         Reflection        |       |       |     7 |     5 |     6 |    18 ||    36

Table legend:
 A = Non-vault XP
 B = Vault XP
 C = Vault XP percentage of total XP
 D = Non-vault monster count
 E = Vault monster count
 F = Vault count percentage of total count
                 A         B        C        D         E       F
            +---------+---------+-------+---------+---------+-------
      Total |  177733 |   63515 |  26.3 |     666 |     278 |  29.4
            +---------+---------+-------+---------+---------+-------
        D:1 |      40 |       8 |  16.7 |      19 |       6 |  24.0
        D:2 |     122 |      32 |  20.8 |      22 |       1 |   4.3
        D:3 |     211 |       0 |   0.0 |      20 |       0 |   0.0
        D:4 |     133 |       0 |   0.0 |      14 |       0 |   0.0
        D:5 |     650 |     862 |  57.0 |      23 |       2 |   8.0
        D:6 |     700 |     837 |  54.5 |      24 |      53 |  68.8
        D:7 |    2601 |       0 |   0.0 |      27 |       0 |   0.0
        D:8 |    2426 |       0 |   0.0 |      10 |       0 |   0.0
        D:9 |    3014 |       0 |   0.0 |      21 |       0 |   0.0
       D:10 |    2629 |    2460 |  48.3 |      15 |       6 |  28.6
       D:11 |    4730 |    1910 |  28.8 |      24 |      12 |  33.3
       D:12 |    3592 |    2077 |  36.6 |      12 |       9 |  42.9
       D:13 |    5110 |    1261 |  19.8 |      13 |       3 |  18.8
       D:14 |    4921 |     728 |  12.9 |      16 |       7 |  30.4
       D:15 |   11121 |    8481 |  43.3 |      32 |      46 |  59.0
     Lair:1 |    3476 |     471 |  11.9 |      14 |       1 |   6.7
     Lair:2 |    8240 |    1998 |  19.5 |      25 |       6 |  19.4
     Lair:3 |    7027 |    1004 |  12.5 |      31 |       3 |   8.8
     Lair:4 |    3777 |    3227 |  46.1 |      12 |      11 |  47.8
     Lair:5 |   22176 |    5033 |  18.5 |      64 |      12 |  15.8
    Swamp:1 |   15265 |    1924 |  11.2 |      26 |       6 |  18.8
    Swamp:2 |   14105 |       0 |   0.0 |      28 |       0 |   0.0
    Swamp:3 |   10331 |       0 |   0.0 |      18 |       0 |   0.0
    Snake:1 |    9209 |    3844 |  29.4 |      20 |       3 |  13.0
    Snake:2 |   14954 |    7956 |  34.7 |      27 |       8 |  22.9
    Snake:3 |   15590 |   12735 |  45.0 |      30 |      18 |  37.5
    Snake:4 |    4300 |     546 |  11.3 |       6 |       1 |  14.3
      Orc:1 |    3609 |       0 |   0.0 |      27 |       0 |   0.0
      Orc:2 |    3674 |    6121 |  62.5 |      46 |      64 |  58.2
            +---------+---------+-------+---------+---------+-------
